 Dungeon Crawl Stone Soup version 0.22-a0-359-g5e80d7e (webtiles) character file.

122 Deathtrap2010 the Skirmisher (level 4, -3/40 HPs)
             Began as a Draconian Fighter on Apr 19, 2018.
             Was a Follower of Wu Jian.
             Killed by divine providence
             ... invoked by an orc priest
              (16 damage)
             ... on level 3 of the Dungeon.
             The game lasted 00:06:29 (1517 turns).

Deathtrap2010 the Skirmisher (Draconian Fighter)    Turns: 1517, Time: 00:06:30

Health: -3/40      AC:  5    Str: 19    XL:     4   Next: 78%
Magic:  13/13      EV: 10    Int:  8    God:    Wu Jian [*.....]
Gold:   115        SH:  9    Dex: 11    Spells: 4/4 levels left

rFire    . . .     SeeInvis .   i - -2 broad axe
rCold    . . .     Gourm    .   b - +0 shield
rNeg     . . .     Faith    .   (armour unavailable)
rPois    +         Spirit   .   (helmet restricted)
rElec    .         Reflect  .   (no cloak)
rCorr    .         Harm     .   (no gloves)
MR       .....                  (no boots)
Stlth    +.........             (no amulet)
HPRegen  0.13/turn              g - ring of magical power
MPRegen  0.13/turn              e - ring of poison resistance

@: no status effects
A: unfitting armour, cold-blooded, AC +5
a: Renounce Religion


You were on level 3 of the Dungeon.
You worshipped Wu Jian.
Wu Jian was aware of your devotion.
You were not hungry.

You visited 1 branch of the dungeon, and saw 3 of its levels.

You collected 115 gold pieces.

Inventory:

Hand Weapons
 i - a -2 broad axe (weapon)
Armour
 b - a +0 shield (worn)
Jewellery
 e - a ring of poison resistance (right hand)
 g - a ring of magical power (left hand)
 j - an uncursed amulet of magic regeneration {unknown}
Scrolls
 a - 2 scrolls of identify
 f - a scroll of blinking
Potions
 c - a potion of might
 d - a potion of heal wounds {unknown}
Comestibles
 h - a ration


   Skills:
 * Level 4.0 Fighting
 * Level 3.3 Axes
 * Level 3.2 Dodging
 * Level 3.6 Shields
 * Level 0.6 Spellcasting


You had 4 spell levels left.
You didn't know any spells.

Dungeon Overview and Level Annotations

Branches:
Dungeon (3/15)

Altars:
Wu Jian


Innate Abilities, Weirdness & Mutations

Your plain brown scales are hard. (AC +5)
You cannot fit into any form of body armour.
You are cold-blooded and may be slowed by cold attacks.


Message History

The orc priest hits you. You block something's attack.
The orc hits you but does no damage. You block the orc priest's attack.
Unknown command.
You hit the orc priest.
The orc priest is moderately wounded.
You closely miss the orc. You miss something.
Something hits you but does no damage. The orc hits you.
The orc priest closely misses you. Something hits you.
The orc closely misses you.
Unknown command.
You barely miss the orc priest.
Your tail-slap misses the orc priest.
The orc priest is lightly wounded.
You closely miss something. You closely miss the orc.
The orc priest closely misses you.
You hear some strange, mumbled words.
Something tries to affect you, but you resist.
You block the orc's attack.
The orc priest invokes the aid of Beogh against you.
Beogh smites you!
You die...

#### ..# ...# ..#
...######## ..#
...#......# ..#
...#......# ..#
...#......########.>#
...#............@o..#
................o†..#
##.#..............#+##
#.#......######.)...#
#.#......# #.....#
#.######## #.....# #.#
#.....# #.# #.....#
#.# #.....#


You could see an orc priest and an orc.

Vanquished Creatures
  An orc priest (D:3)
  4 adders
  2 worms (D:2)
  A dart slug (D:1)
  2 giant cockroaches
  5 goblins
  5 hobgoblins
  6 jackals
  2 ball pythons (D:2)
  6 bats
  5 frilled lizards
  5 kobolds
  11 rats
55 creatures vanquished.

Notes
Turn   | Place    | Note
-------+----------+-------------------------------------------
     0 | D:1      | Deathtrap2010 the Draconian Fighter began the quest for the Orb.
     0 | D:1      | Reached XP level 1. HP: 19/19 MP: 1/1
   245 | D:1      | Reached XP level 2. HP: 23/26 MP: 2/2
   737 | D:1      | Reached XP level 3. HP: 32/33 MP: 3/3
   931 | D:2      | Found an ornate altar of the Wu Jian Council.
   940 | D:2      | Became a worshipper of the Wu Jian Council
  1380 | D:2      | Reached XP level 4. HP: 40/40 MP: 4/4
  1446 | D:3      | Reached * piety under Wu Jian
  1513 | D:3      | Reached skill level 4 in Fighting
  1517 | D:3      | Killed from afar by an orc priest

Vault maps used:
D:1:      dpeg_arrival_ratfight, minmay_misc_feat_x
D:2:      nicolae_overflow_crystal_walls, minmay_misc_feat_nine_boxes
D:3:      first_ration

Skill      XL: |  1  2  3  4 |
---------------+-------------+-----
Dodging        | 3 |  3.2
Axes           | 3 |  3.3
Fighting       | 4 |  4.0
Shields        | |  3.6
Spellcasting   | |  0.6

Action                   |  1- 3 |  4- 6 || total
-------------------------+-------+-------++-------
Melee: War axe           |    97 |       ||    97
       Tailslap          |    17 |     1 ||    18
       Broad axe         |    52 |    30 ||    82
Invok: Lunge             |     2 |     1 ||     3
       Whirlwind         |       |    11 ||    11
  Use: Scroll            |     8 |       ||     8
       Potion            |     3 |       ||     3
 Stab: Sleeping          |     1 |       ||     1
  Eat: Ration            |     1 |       ||     1
Armor: Skin              |    58 |    13 ||    71
Dodge: Dodged            |    84 |    18 ||   102
Block: Shield            |    86 |    21 ||   107

Table legend:
 A = Spawn XP
 B = Non-spawn XP
 C = Spawn XP percentage of total XP
 D = Spawn monster count
 E = Non-spawn monster count
 F = Spawn count percentage of total count
 G = Total turns spent on level
                    A         B        C        D         E        F      G
               +---------+---------+-------+---------+---------+-------+---------
         Total |       0 |     175 |   0.0 |       0 |      55 |   0.0 |  1517
               +---------+---------+-------+---------+---------+-------+---------
           D:1 |       0 |      43 |   0.0 |       0 |      27 |   0.0 |   828
           D:2 |       0 |      59 |   0.0 |       0 |      22 |   0.0 |   587
           D:3 |       0 |      73 |   0.0 |       0 |       6 |   0.0 |   102
               +---------+---------+-------+---------+---------+-------+---------
